 Dungeon Crawl Stone Soup version 0.19.1 (webtiles) character file.

273461 GordonOverkill the Executioner (level 21, -9/184 HPs)
             Began as a Formicid Wanderer on Nov 30, 2016.
             Was the Champion of Makhleb.
             Killed from afar by an ancient lich (49 damage)
             ... with a crystal spear
             ... on level 3 of the Abyss on Dec 1, 2016.
             The game lasted 02:16:41 (41292 turns).

GordonOverkill the Executioner (Formicid Wanderer) Turns: 41292, Time: 02:16:41

Health: -9/184     AC: 24    Str: 21    XL:     21   Next: 14%
Magic:  19/22      EV: 18    Int: 10    God:    Makhleb [******]
Gold:   3396       SH: 14    Dex: 18    Spells: 0 memorised, 20 levels left

rFire  + . .     SeeInvis +     b - +3 battleaxe (flame)
rCold  . . .     Gourm    .     k - +0 plate armour {MR+}
rNeg   . . .     Faith    .     q - +2 shield {reflect}
rPois  +         Spirit   .     (helmet unavailable)
rElec  +         Reflect  +     W - +1 cloak {rF+}
rCorr  .         Harm     .     x - +1 pair of gloves
MR     +++..                    Z - +2 pair of boots
Stlth  ..........               v - amulet of regeneration
                                l - ring "Uskibbodgh" {rElec rPois}
                                E - +5 ring of evasion

@: no status effects
A: permanent stasis, dig shafts and tunnels, four strong arms, antennae 3, thin
skeletal structure 1, blurry vision 2, clever 1, dopey 2, low mp 2, robust 1,
screaming 2, MP-powered wands
a: Dig, Shaft Self, Minor Destruction, Lesser Servant of Makhleb, Major
Destruction, Greater Servant of Makhleb, Renounce Religion
}: 2/15 runes: decaying, serpentine


You were on level 3 of the Abyss.
You worshipped Makhleb.
Makhleb was exalted by your worship.
You were not hungry.

You visited 9 branches of the dungeon, and saw 35 of its levels.
You visited the Abyss 1 time.
You also visited: Labyrinth, Sewer and Volcano.

You collected 3725 gold pieces.
You spent 329 gold pieces at shops.

Inventory:

Hand Weapons
 a - a +2 battleaxe of venom
 b - a +3 battleaxe of flaming (weapon)
Armour
 k - a +0 plate armour of magic resistance (worn)
 q - a +2 shield of reflection (worn)
 x - a +1 pair of gloves (worn)
 W - a +1 cloak of fire resistance (worn)
 Z - a +2 pair of boots (worn)
Jewellery
 l - the ring "Uskibbodgh" (right hand) {rElec rPois}
   (You took it off a naga ritualist on level 4 of the Snake Pit)

   [ring of poison resistance]

   It insulates you from electricity.
   It protects you from poison.
 v - an amulet of regeneration (around neck)
 z - an uncursed ring of protection from fire
 E - a +5 ring of evasion (left hand)
 I - a +5 amulet of reflection
 L - the ring "Guasaz" {Ice +Blink Str+9}
   (You took it off a minotaur in a labyrinth)

   [ring of ice]

   It enhances your ice magic.
   It affects your strength (+9).
   It makes you vulnerable to fire.
   It protects you from cold.
   It lets you blink.
Wands
 g - a wand of acid (10/15)
 m - a wand of digging (13/24)
 o - a wand of random effects (19/48)
 p - a wand of slowing (16/48)
 t - a wand of lightning (9/15)
 M - a wand of iceblast (1/15)
 R - a wand of heal wounds (4/9)
Scrolls
 e - 5 scrolls of fog
 r - 5 scrolls of recharging
 s - 4 scrolls of magic mapping
 y - 2 scrolls of amnesia
 A - 15 scrolls of remove curse
 C - 7 scrolls of enchant weapon
 H - 7 scrolls of identify
 S - 3 scrolls of enchant armour
 T - 3 scrolls of fear
 X - a scroll of silence
Potions
 c - 2 potions of magic
 h - 6 potions of cure mutation
 j - a potion of cancellation
 n - 3 potions of heal wounds
 u - a potion of brilliance
 B - 8 potions of curing
 D - 5 potions of lignification
 F - 3 potions of agility
 G - 2 potions of flight
 J - a potion of ambrosia
 Q - a potion of invisibility
 U - a potion of resistance
Books
 w - a book of Party Tricks

   Spells                             Type                      Level
   a - Summon Butterflies             Summoning                    1
   b - Apportation                    Translocation                1
   c - Lesser Beckoning               Translocation                3
   d - Tukima's Dance                 Hexes                        3
   e - Alistair's Intoxication        Transmutation/Poison         5
   f - Invisibility                   Hexes                        6
Comestibles
 d - 28 fruits
 f - 17 bread rations
 i - 17 meat rations
 K - 5 chunks of flesh


   Skills:
 + Level 15.0 Fighting
 * Level 24.1 Axes
   Level 0.6(16.6) Maces & Flails
   Level 2.0 Crossbows
 - Level 1.0 Throwing
 - Level 12.0 Armour
 + Level 11.0 Dodging
 - Level 9.0 Shields
 - Level 10.1 Invocations
 - Level 7.0 Evocations


You had 20 spell levels left.
You didn't know any spells.

Dungeon Overview and Level Annotations

Branches:
Dungeon (15/15)            Temple (1/1) D:4            Lair (6/6) D:9
  Swamp (4/4) Lair:4        Snake (4/4) Lair:3        Slime (1/5) Lair:5
    Orc (2/2) D:10            Elf (1/3) Orc:2        Vaults (1/5) D:13
 Depths (0/5) D:15

Altars:
Ashenzari
Cheibriados
Dithmenos
Elyvilon
Fedhas
Gozag
Hepliaklqana
Kikubaaqudgha
Makhleb
Nemelex Xobeh
Okawaru
Qazlal
Ru
Sif Muna
Trog
Uskayaw
Vehumet
Xom
Yredelemnul
Zin
The Shining One
Beogh

Shops:
D:6 :   Orc:2 [:*[   Snake:2 **


Innate Abilities, Weirdness & Mutations

You are under a permanent stasis effect.
You can dig through walls and to a lower floor.
Your four strong arms can wield two-handed weapons with a shield.
You have a pair of large antennae on your head. (SInv)
You have a somewhat thin skeletal structure. (Dex +2, Stealth)
Your mind is acute. (Int +2)
You are robust. (+10% HP)
[Scrolls take you longer to read.]
[You are very dopey. (Int -4)]
[Your magical capacity is very low. (-20% MP)]
[You sometimes yell uncontrollably at your foes.]
[You expend magic power (3 MP) to strengthen your wands.]


Message History

Unknown command.
Unknown command.
Unknown command.
Unknown command.
You feel limber!
Your magical effects are unravelling.
You feel magically purged.
You are no longer corroded.
The ancient lich points at you and mumbles some strange words.
The bolt of acid misses you.
The ancient lich gestures at you while chanting.
You easily resist.
The small abomination closely misses you.
Evoke which item? (* to show all) (? for menu, Esc to quit)
Zapping:
R - a wand of heal wounds (5/9)
Press: ? - help, Shift-Dir - straight line, f - you You feel much better.
This wand has 4 charges left.
The ancient lich gestures at you while chanting.
The crystal spear hits you!
You die...

........#
..# . .....
..# ≈# .8#..
.
........###
# # ...* .
.........##≈
§§# . . ..
......#...
≈§≈§
......... #
§ #... ..
#......x## #
# ≈{ . .
.......@#{
#≈ # ..L §
.....###L##
.# §§##..§§§
... ###
...{≈ §≈.. #
###{ {.. §§
..§§ .......
§§.##X' .#.
≈≈.# .{ .
.{.##≈#
...#. # #. #
.{{ §§ .
%..# # ....
.#§#.... .


You could see an ancient lich and a small abomination.

Vanquished Creatures
  Vashnia (Snake:4)
  Saint Roka (Snake:3)
  A profane servitor (Abyss:3)
  Rupert (Lair:5)
  4 tentacled starspawn (Abyss:3)
  A thorn hunter (Swamp:3)
  The ghost of Kloppie the Phalangite, an adept MfBe of Trog (Snake:2)
  19 nagarajas
  A daeva (Abyss:3)
  An azure jelly (Swamp:4)
  Louise (Elf:1)
  Aizul (Snake:3)
  An orc warlord (Orc:2)
  A very ugly thing (Swamp:2)
  A reaper (Abyss:3)
  An entropy weaver (Lair:4)
  An ophan (Abyss:3)
  Nessos (Lair:5)
  A deep elf demonologist (Elf:1)
  Azrael (Snake:1)
  Josephine (Lair:5)
  A minotaur (Lab)
  Snorg (Lair:4)
  A fire dragon (Lair:6)
  12 hydras
  25 naga warriors
  2 ice dragons (Swamp:4)
  2 vault guards (D:13)
  3 ghost crabs
  A yaktaur captain (D:15)
  Erica (Lair:1)
  12 anacondas
  5 centaur warriors
  2 alligators
  A death knight (D:14)
  2 dancing weapons (Elf:1)
  4 orc high priests (Orc:2)
  A queen ant (Lair:4)
  2 ogre magi
  A death yak (D:9)
  A vampire mage (Abyss:3)
  A tengu warrior (D:15)
  23 naga sharpshooters
  A deep elf knight (Elf:1)
  Sonja (D:15)
  2 wretched stars (Abyss:3)
  A shock serpent (Snake:3)
  A fire crab (Volcano)
  2 glowing orange brains
  5 unseen horrors
  A flayed ghost (Abyss:3)
  17 starcursed masses (Abyss:3)
  5 hill giants
  A shambling mangrove (Swamp:1)
  11 naga ritualists
  2 spriggan druids
  3 lindwurms
  2 wizards (D:13)
  4 deep elf archers (Elf:1)
  Pikel (D:8)
  A swamp dragon (Swamp:2)
  An orb spider (shapeshifter) (D:12)
  5 orc knights
  A wolf spider zombie (D:15)
  16 deep elf magi
  7 orc sorcerers
  An oklob plant (Lair:4)
  2 manticores (D:13)
  8 mana vipers
  6 large abominations (Abyss:3)
  3 cyclopes
  9 ugly things
  A salamander (Snake:1)
  2 worldbinders (Abyss:3)
  7 guardian serpents
  20 naga magi
  3 gargoyles
  Joseph (D:7)
  38 black mambas
  4 molten gargoyles
  16 spiny frogs
  2 orange demons (Abyss:3)
  2 torpor snails
  4 smoke demons (Abyss:3)
  3 centaur skeletons
  10 komodo dragons
  4 rime drakes
  A yaktaur (D:15)
  A tengu conjurer (D:15)
  6 freezing wraiths
  2 hellwings (Abyss:3)
  5 ancient zymes (Abyss:3)
  12 trolls
  8 tyrant leeches
  5 hornets
  11 two-headed ogres
  2 polar bears
  Grinder (D:4)
  3 raiju (Abyss:3)
  22 slime creatures
  4 bog bodies
  2 dream sheep (D:8)
  13 blink frogs
  An air elemental (Elf:1)
  6 hippogriffs
  3 redbacks (Lab)
  Sigmund (D:4)
  22 humans
  A ynoxinul (Abyss:3)
  A shadow (Swamp:2)
  A centaur simulacrum (D:15)
  6 water elementals
  5 wraiths
  Eustachio (D:5)
  5 spriggans
  6 wyverns
  4 fire elementals (Snake:1)
  14 fire bats
  58 yaks
  13 basilisks
  12 hungry ghosts
  3 steam dragons
  28 vampire mosquitoes
  5 small abominations (Abyss:3)
  Menkaure (D:5)
  A mottled dragon (Lair:6)
  2 chaos spawn (Abyss:3)
  4 swamp worm simulacra (Swamp:4)
  An insubstantial wisp (Abyss:3)
  11 wargs
  23 soldier ants
  20 swamp worms
  72 nagas
  14 hydra simulacra (Swamp:4)
  Duvessa (D:5)
  19 water moccasins
  4 sky beasts
  5 porcupines
  6 swamp drakes
  2 black bears
  6 hell hounds
  A phantom (D:4)
  4 ice beasts
  An ice beast (shapeshifter) (D:14)
  4 slaves (D:8)
  18 ogres
  44 orc warriors
  2 necrophages (D:6)
  19 centaurs
  13 wolves
  9 crocodiles
  9 big kobolds
  14 bullfrogs
  2 earth elementals (Elf:1)
  A wyvern zombie (D:8)
  Dowan (D:5)
  2 wyvern skeletons (D:14)
  A gnoll sergeant (D:9)
  A scorpion (D:10)
  5 killer bees (D:10)
  A troll skeleton (Lab)
  8 wights
  2 howler monkeys
  An electric eel (D:15)
  6 crimson imps
  10 hounds
  13 lava snakes
  6 centaur zombies
  3 jellies
  16 orc wizards
  31 orc priests
  A human skeleton (D:9)
  2 bullfrog skeletons
  7 iguanas
  4 hell rats
  33 worker ants
  An ogre skeleton (Lab)
  A hound zombie (D:7)
  3 hound skeletons
  A howler monkey zombie (D:11)
  2 worker ant zombies
  6 gnolls
  17 adders
  3 shadow imps
  A white imp (Abyss:3)
  2 oozes (D:3)
  4 swamp drake simulacra (Swamp:4)
  2 adder skeletons
  2 adder zombies (D:9)
  4 worms
  3 dart slugs
  11 leopard geckos
  134 orcs
  7 giant cockroaches
  6 goblins
  14 hobgoblins
  19 jackals
  40 kobolds
  A quokka (D:8)
  8 ball pythons
  9 bats
  7 frilled lizards
  A goblin zombie (D:9)
  2 leopard gecko skeletons
  A quokka zombie (D:5)
  5 rats
  8 fungi
  12 plants
  5 starspawn tentacles (Abyss:3)
1506 creatures vanquished.

Vanquished Creatures (collateral kills)
  An entropy weaver (Lair:3)
  A hydra (D:11)
  A fungus (Lair:4)
3 creatures vanquished.

Vanquished Creatures (others)
  An azure jelly (Swamp:4)
  A centaur warrior (D:15)
  3 naga sharpshooters
  A deep elf archer (Elf:1)
  A fire bat (Volcano)
  2 swamp worms (Swamp:1)
  A naga (Snake:4)
  An orc warrior (D:14)
  A centaur (D:14)
  An orc priest (D:14)
  2 orcs (D:14)
  3 briar patches (Swamp:3)
  5 fungi
  15 plants
  5 starspawn tentacles (Abyss:3)
43 creatures vanquished.

Grand Total: 1552 creatures vanquished

Notes
Turn   | Place    | Note
-------+----------+-------------------------------------------
     0 | D:1      | GordonOverkill the Formicid Wanderer began the quest for the Orb.
     0 | D:1      | GordonOverkill set off with: a +2 hand crossbow, 21 bolts, a +0 mace, a +0 ring mail, a bread ration
     0 | D:1      | Reached XP level 1. HP: 15/15 MP: 1/1
   136 | D:1      | Reached XP level 2. HP: 22/22 MP: 2/2
   277 | D:1      | Reached skill level 1 in Axes
   277 | D:1      | Reached XP level 3. HP: 28/28 MP: 3/3
  1135 | D:2      | Reached skill level 2 in Axes
  1135 | D:2      | Reached XP level 4. HP: 34/34 MP: 4/4
  1468 | D:3      | Reached XP level 5. HP: 41/41 MP: 5/5
  1473 | D:3      | Reached skill level 3 in Axes
  2698 | D:4      | Reached XP level 6. HP: 39/48 MP: 6/6
  2704 | D:4      | Reached skill level 4 in Axes
  2770 | D:4      | Noticed an ogre
  2777 | D:4      | Killed an ogre
  2802 | D:4      | Noticed a phantom
  2866 | D:4      | Killed a phantom
  2866 | D:4      | Reached skill level 5 in Axes
  2866 | D:4      | Reached XP level 7. HP: 35/55 MP: 7/7
  3107 | D:4      | Noticed Grinder
  3120 | D:4      | Killed Grinder
  3120 | D:4      | Reached skill level 5 in Fighting
  3120 | D:4      | Reached skill level 6 in Axes
  3348 | D:4      | Found a staircase to the Ecumenical Temple.
  3349 | D:4      | Noticed Sigmund
  3364 | D:4      | Reached XP level 8. HP: 58/62 MP: 8/8
  3530 | Temple   | Entered the Ecumenical Temple
  3801 | Temple   | Became a worshipper of Makhleb the Destroyer
  3881 | D:5      | Entered Level 5 of the Dungeon
  3943 | D:5      | Noticed Eustachio
  3987 | D:5      | Killed Eustachio
  3987 | D:5      | Reached skill level 7 in Axes
  4009 | D:5      | Found a bloodstained altar of Trog.
  4206 | D:5      | Found a glowing drain.
  4222 | Sewer    | Entered a sewer
  4560 | Sewer    | Reached * piety under Makhleb
  5307 | D:5      | Noticed Duvessa
  5308 | D:5      | Noticed Dowan
  5340 | D:5      | Killed Duvessa
  5340 | D:5      | Reached skill level 8 in Axes
  5352 | D:5      | Killed Dowan
  5586 | D:5      | Noticed Menkaure
  5600 | D:5      | Killed Menkaure
  5600 | D:5      | Reached XP level 9. HP: 5/71 MP: 9/9
  6195 | D:6      | Found Nagolec's Book Boutique.
  6329 | D:6      | Reached skill level 9 in Axes
  6806 | D:7      | Noticed a hippogriff
  6857 | D:7      | Killed a hippogriff
  7030 | D:7      | Noticed Joseph
  7041 | D:7      | Killed Joseph
  7041 | D:7      | Reached skill level 10 in Axes
  7170 | D:7      | Found a runed door.
  7225 | D:7      | Reached XP level 10. HP: 72/77 MP: 10/10
  7267 | D:7      | Reached ** piety under Makhleb
  7429 | D:7      | Found a roughly hewn altar of Beogh.
  7780 | D:8      | Reached skill level 11 in Axes
  7830 | D:8      | Noticed a two-headed hydra
  7859 | D:8      | You fall through a shaft for 3 floors!
  7976 | D:10     | Entered Level 10 of the Dungeon
  8319 | D:9      | Noticed a death yak
  8402 | D:9      | Killed a death yak
  8402 | D:9      | Reached skill level 12 in Axes
  8522 | D:9      | Noticed a centaur warrior
  8535 | D:9      | Killed a centaur warrior
  8535 | D:9      | Reached *** piety under Makhleb
  8535 | D:9      | Reached skill level 10 in Fighting
  8535 | D:9      | Reached XP level 11. HP: 70/90 MP: 11/11
  8725 | D:9      | Noticed a deep elf mage
  8841 | D:8      | Found a white marble altar of Elyvilon.
  8894 | D:8      | Reached skill level 1 in Shields
  9094 | D:8      | You fall through a shaft for 2 floors!
  9181 | D:10     | Found a staircase to the Orcish Mines.
  9460 | D:9      | Found a staircase to the Lair.
  9499 | D:9      | Reached skill level 13 in Axes
  9510 | D:9      | Reached **** piety under Makhleb
  9603 | D:9      | Found a runed door.
  9606 | D:9      | Found a basalt altar of Yredelemnul.
  9725 | D:9      | Noticed a sixfirhy
  9743 | D:9      | You fall through a shaft for 3 floors!
  9756 | D:12     | Noticed an orb spider
  9763 | D:12     | Killed an orb spider
  9880 | D:12     | Noticed a hill giant
  9892 | D:12     | Killed a hill giant
 10132 | D:12     | Reached skill level 1 in Invocations
 10285 | D:12     | Noticed a purple ugly thing
 10302 | D:12     | Killed a purple ugly thing
 10313 | D:12     | Reached XP level 12. HP: 100/100 MP: 13/13
 10753 | D:11     | Noticed an eight-headed hydra
 10760 | D:11     | Killed an eight-headed hydra
 11497 | D:10     | Gained mutation: You are robust. (+10% HP) [potion of beneficial mutation]
 11498 | D:10     | Gained mutation: You have a somewhat thin skeletal structure. (Dex +2, Stealth) [potion of beneficial mutation]
 11499 | D:10     | Gained mutation: Your mind is acute. (Int +2) [potion of beneficial mutation]
 11545 | D:10     | Reached skill level 14 in Axes
 12660 | D:9      | Found a roughly hewn altar of Beogh.
 12681 | D:9      | Reached ***** piety under Makhleb
 13011 | D:8      | Noticed Pikel
 13022 | D:8      | Killed Pikel
 13281 | D:8      | Killed an 11-headed hydra
 13616 | D:4      | Killed Sigmund
 13699 | Lair:1   | Entered Level 1 of the Lair of Beasts
 13763 | Lair:1   | Reached skill level 5 in Invocations
 14039 | Lair:1   | Noticed Erica
 14051 | Lair:1   | Killed Erica
 14051 | Lair:1   | Reached XP level 13. HP: 116/116 MP: 17/17
 14412 | Lair:1   | Reached skill level 15 in Axes
 15027 | Lair:2   | You fall through a shaft for 2 floors!
 15270 | Lair:3   | Found a dark tunnel.
 15280 | Volcano  | Entered a volcano
 15369 | Volcano  | Reached skill level 10 in Armour
 15701 | Volcano  | Found a radiant altar of Vehumet.
 15782 | Lair:3   | Found a staircase to the Snake Pit.
 15866 | Lair:3   | Noticed a five-headed hydra
 15871 | Lair:3   | Killed a one-headed hydra
 15879 | Lair:3   | Reached skill level 16 in Axes
 16489 | Lair:4   | Found a staircase to the Swamp.
 16682 | Lair:4   | Noticed Snorg
 16688 | Lair:4   | Killed Snorg
 16839 | Lair:4   | Noticed an entropy weaver
 16904 | Lair:4   | Reached XP level 14. HP: 124/124 MP: 20/20
 17207 | Lair:3   | Killed an entropy weaver
 17360 | Lair:4   | Noticed an entropy weaver
 18002 | Lair:5   | Noticed Josephine
 18021 | Lair:5   | Killed Josephine
 18060 | Lair:5   | Reached skill level 17 in Axes
 18140 | Lair:5   | Found a labyrinth entrance.
 18155 | Lab      | Entered a labyrinth
 18806 | Lab      | Got a slimy golden ring
 18808 | Lab      | Identified the ring "Guasaz" {Ice +Blink Str+9} (You took it off a minotaur in a labyrinth)
 18832 | Lair:5   | Identified a +7 rod of clouds (11/11) (You took it off a minotaur in a labyrinth)
 18833 | Lair:5   | Identified a +4 rod of clouds (11/11) (You found it in a labyrinth)
 19123 | Lair:5   | Noticed Nessos
 19127 | Lair:5   | Noticed Rupert
 19167 | Lair:5   | Killed Rupert
 19167 | Lair:5   | Reached skill level 10 in Invocations
 19170 | Lair:5   | Killed Nessos
 19478 | Lair:5   | Found a staircase to the Slime Pits.
 19635 | Lair:6   | Entered Level 6 of the Lair of Beasts
 19787 | Lair:6   | Reached XP level 15. HP: 129/129 MP: 22/22
 19856 | Lair:6   | Reached skill level 1 in Dodging
 19904 | Lair:6   | Reached skill level 18 in Axes
 20263 | Lair:6   | Reached ****** piety under Makhleb
 20925 | Lair:6   | Found a large runed door.
 20925 | Lair:6   | Found a large runed door.
 21395 | Orc:1    | Entered Level 1 of the Orcish Mines
 21680 | Orc:2    | Entered Level 2 of the Orcish Mines
 22416 | Orc:2    | Found Wusmysk's Book Emporium.
 22452 | Orc:2    | Reached skill level 19 in Axes
 22462 | Orc:2    | Noticed an orc warlord
 22474 | Orc:2    | Killed an orc warlord
 22479 | Orc:2    | Found a roughly hewn altar of Beogh.
 22625 | Orc:2    | Found Dyos's Armour Shop.
 22680 | Orc:2    | Reached skill level 5 in Dodging
 22984 | Orc:2    | Found a staircase to the Elven Halls.
 23067 | Orc:2    | Reached XP level 16. HP: 131/137 MP: 23/23
 23212 | Orc:2    | Found a roughly hewn altar of Beogh.
 23312 | Orc:2    | Found Qiatu's Assorted Antiques.
 23339 | Orc:2    | Found Fufesy's Armour Shop.
 23357 | Orc:2    | Bought a +2 shield of reflection for 259 gold pieces
 24311 | D:13     | Reached skill level 5 in Shields
 24346 | D:13     | Found a gate to the Vaults.
 24940 | D:14     | Reached skill level 20 in Axes
 25012 | D:14     | Found an opulent altar of Gozag.
 25406 | D:14     | Identified the Collected Works on Darkness
 25498 | D:15     | Entered Level 15 of the Dungeon
 25536 | D:15     | Noticed Sonja
 25567 | D:15     | Killed Sonja
 25652 | D:15     | Found a blossoming altar of Fedhas.
 26086 | D:15     | Found a sacrificial altar of Ru.
 26120 | D:15     | Reached XP level 17. HP: 144/144 MP: 24/24
 26359 | D:15     | Reached skill level 5 in Evocations
 26417 | D:15     | Found a staircase to the Depths.
 26689 | Swamp:1  | Entered Level 1 of the Swamp
 26789 | Swamp:1  | Identified the Disquisition on Poisoning and Flight
 28595 | Swamp:3  | Reached skill level 21 in Axes
 28642 | Swamp:3  | Noticed a thorn hunter
 28660 | Swamp:3  | Killed a thorn hunter
 29417 | Swamp:4  | Entered Level 4 of the Swamp
 29916 | Swamp:4  | HP: 7/144 [freezing wraith (9)]
 30332 | Slime:1  | Entered Level 1 of the Pits of Slime
 30332 | Slime:1  | Noticed an acid blob
 30889 | Swamp:4  | Reached XP level 18. HP: 151/151 MP: 25/25
 31058 | Swamp:4  | Got a decaying rune of Zot
 31322 | Snake:1  | Entered Level 1 of the Snake Pit
 31410 | Snake:1  | Noticed Azrael
 31422 | Snake:1  | Killed Azrael
 32436 | Snake:2  | Noticed Kloppie's ghost (adept MfBe)
 33188 | Snake:2  | Killed Kloppie's ghost
 33470 | Snake:2  | Found Xyefec's General Store.
 33470 | Snake:2  | Found Qepej Abecw's General Store.
 33484 | Snake:2  | Bought a potion of heal wounds for 50 gold pieces
 33484 | Snake:2  | Bought a scroll of identify for 20 gold pieces
 34299 | Snake:3  | Reached skill level 22 in Axes
 34586 | Snake:3  | Noticed Saint Roka
 34671 | Snake:3  | Killed Saint Roka
 35091 | Snake:3  | Reached XP level 19. HP: 162/162 MP: 26/26
 35293 | Snake:3  | Noticed Aizul
 35311 | Snake:3  | Killed Aizul
 36023 | Snake:4  | Entered Level 4 of the Snake Pit
 36037 | Snake:4  | Noticed Vashnia
 36442 | Snake:4  | Killed Vashnia
 37312 | Snake:4  | Reached skill level 23 in Axes
 37591 | Snake:4  | Reached XP level 20. HP: 68/173 MP: 27/27
 37749 | Snake:4  | Got a serpentine rune of Zot
 38381 | Snake:4  | Reached skill level 10 in Dodging
 38444 | Snake:4  | Got a bound lapis lazuli ring
 38893 | Lair:1   | Identified the ring "Uskibbodgh" {rElec rPois} (You took it off a naga ritualist on level 4 of the Snake Pit)
 39345 | Vaults:1 | Entered Level 1 of the Vaults
 39599 | Elf:1    | Entered Level 1 of the Elven Halls
 39656 | Elf:1    | Noticed Louise
 39676 | Elf:1    | Killed Louise
 39877 | Elf:1    | Found a sparkling altar of Nemelex Xobeh.
 40499 | Elf:1    | Cast into level 3 of the Abyss (battleaxe of distortion)
 40507 | Abyss:3  | Found a roughly hewn altar of Beogh.
 40840 | Abyss:3  | Reached skill level 24 in Axes
 40896 | Abyss:3  | Reached XP level 21. HP: 140/183 MP: 28/28
 40939 | Abyss:3  | Noticed a profane servitor
 41008 | Abyss:3  | Killed a profane servitor
 41008 | Abyss:3  | Reached skill level 15 in Fighting
 41257 | Abyss:3  | Noticed an ancient lich
 41292 | Abyss:3  | Killed from afar by an ancient lich

Skill      XL: |  1  2  3  4  5  6  7  8  9 10 11 12 13 14 15 16 17 18 19 20 21 |
---------------+----------------------------------------------------------------+-----
Fighting       | 2 3 4 5 6 8 10 11 12 13 14 15 | 15.0
Axes           | 1 2 3 5 6 8 10 12 13 14 16 17 19 20 21 22 23 24 | 24.1
Shields        | 2 7 9 |  9.0
Armour         | 7 9 10 11 12 | 12.0
Invocations    | 1 5 8 10 | 10.1
Dodging        | 5 6 8 9 10 11 | 11.0
Evocations     | 4 7 |  7.0
Maces & Flails | |  0.6
Crossbows      | |  2.0
Throwing       | |  1.0

Action                   |  1- 3 |  4- 6 |  7- 9 | 10-12 | 13-15 | 16-18 | 19-21 || total
-------------------------+-------+-------+-------+-------+-------+-------+-------++-------
Melee: Hand axe          |       |    43 |   652 |   937 |   217 |    45 |       ||  1894
       Battleaxe         |       |       |       |       |  1134 |  1920 |  1259 ||  4313
       Scimitar          |       |       |       |       |     9 |       |       ||     9
 Fire: Hand crossbow     |    68 |   133 |    14 |     4 |       |       |       ||   219
Invok: Lesser Servant of |       |       |       |     1 |     4 |       |       ||     5
       Major Destruction |       |       |       |       |     1 |       |       ||     1
 Abil: Dig               |       |       |    10 |    13 |    24 |    10 |    17 ||    74
       Shaft Self        |       |       |       |     3 |       |       |       ||     3
Evoke: Wand              |       |       |     4 |    15 |     4 |     4 |     5 ||    32
  Use: Scroll            |       |       |    18 |    11 |    10 |    11 |     4 ||    54
       Potion            |       |       |     1 |     6 |     5 |     7 |     5 ||    24
 Stab: Paralysed         |       |       |    13 |    13 |       |       |       ||    26
       Distracted        |       |       |       |       |     2 |       |       ||     2
       Invisible         |       |       |       |       |       |     4 |       ||     4
  Eat: Chunk             |     1 |     5 |    17 |    22 |    35 |    31 |    10 ||   121
       Beef jerky        |       |       |       |     2 |     1 |     2 |     1 ||     6
       Pizza             |       |       |       |     1 |       |     8 |       ||     9
       Meat ration       |       |       |       |       |     1 |       |       ||     1
       Royal jelly       |       |       |       |       |       |       |     1 ||     1
       Fruit             |       |       |       |       |       |       |    12 ||    12
Armor: Ring mail         |     7 |    28 |       |       |       |       |       ||    35
       Scale mail        |       |    17 |   188 |    10 |       |       |       ||   215
       Plate armour      |       |       |       |   266 |   598 |   693 |   348 ||  1905
Dodge: Dodged            |    20 |    57 |   329 |   303 |   601 |   685 |   444 ||  2439
Block: Buckler           |       |       |       |   157 |   404 |    16 |       ||   577
       Shield            |       |       |       |       |       |   957 |   630 ||  1587
       Reflection        |       |       |       |       |       |    59 |    96 ||   155
       Rpst.: Scimitar   |       |       |       |       |     2 |       |       ||     2
